 Dungeon Crawl Stone Soup version 0.28-a0-1412-gf95308ed99 (webtiles) character file.

Game seed: 4755655386221576848

16 tilp the Chiller (level 2, 0/11 HPs)
             Began as a Felid Ice Elementalist on Jan 6, 2022.
             Slain by a jackal (2 damage)
             ... on level 1 of the Dungeon.
             The game lasted 00:00:49 (542 turns).

tilp the Chiller (Felid Ice Elementalist)            Turns: 542, Time: 00:00:50

Health: 0/11       AC:  1    Str:  4    XL:     2   Next: 37%
Magic:  0/6        EV: 17    Int: 16    God:
Gold:   0          SH:  0    Dex: 16    Spells: 4/5 levels left
                                        Lives:  0   Deaths: 0

rFire   . . .      SeeInvis +   (weapon unavailable)
rCold   . . .      Faith    .   (shield unavailable)
rNeg    . . .      Spirit   .   (armour unavailable)
rPois   .          Reflect  .   (helmet unavailable)
rElec   .          Harm     .   (cloak unavailable)
rCorr   .          Rampage  .   (gloves unavailable)
Will    .....                   (boots unavailable)
Stlth   ++........              (no amulet)
HPRegen 0.03/turn               (no ring)
MPRegen 0.10/turn               (no ring)

@: very slightly contaminated, quick
A: very small, claws 1, fangs 3, see invisible, speed 1, shaggy fur 1, stealthy
paws, no weapons or thrown items, no armour, multi-lived
a: no special abilities


You were on level 1 of the Dungeon.
You visited 1 branch of the dungeon, and saw 1 of its levels.

Inventory:

Scrolls
 a - 2 scrolls of identify {unknown}
 c - a scroll of summoning {unknown}
Potions
 b - 2 potions of heal wounds {unknown}


   Skills:
 - Level 2.6 Dodging
 - Level 2.6 Stealth
 + Level 2.3 Spellcasting
 * Level 4.0 Ice Magic


You had 4 spell levels left.
You knew the following spells:

 Your Spells              Type           Power      Damage    Failure   Level
a - Freeze                Ice            56%        1d7       3%          1

Your spell library contained the following spells:

 Spells                   Type           Power      Damage    Failure   Level
 Frozen Ramparts          Ice            28%        1d4       12%         3
 Ozocubu's Armour         Ice            14%        N/A       12%         3
 Hailstorm                Conj/Ice       8%         3d4       65%         4


Dungeon Overview and Level Annotations

Branches:
Dungeon (1/15)

Altars:

Shops:
D:1 [*:


Innate Abilities, Weirdness & Mutations

You have sharp claws.
You have razor-sharp teeth.
You have supernaturally acute eyesight. (SInv)
You cover ground quickly. (Speed+)
You are covered in fur. (AC +1)
Your paws help you pounce on unaware monsters.
You are incapable of wielding weapons or throwing items.
You cannot wear armour.
You gain extra lives every three experience levels.


Message History

The jackal barks!
The dart slug barely misses you.
Casting: Freeze (safe; 4% risk of failure)
Confirm with . or Enter, or press ? or * to list all spells.
Aiming: Freeze (safe; 4% risk of failure)
Press: ? - help, Shift-Dir - straight line, f/p - dart slug
Aim: a dart slug (severely wounded)
You freeze the dart slug.
You kill the dart slug!
The bat hits you.
* * * LOW HITPOINT WARNING * * *
Casting: Freeze (safe; 3% risk of failure)
Confirm with . or Enter, or press ? or * to list all spells.
Aiming: Freeze (safe; 3% risk of failure)
Press: ? - help, Shift-Dir - straight line, f - bat
Aim: a bat You freeze the bat!
You kill the bat!
Unknown command.
Casting: Freeze (safe; 3% risk of failure)
Confirm with . or Enter, or press ? or * to list all spells.
Aiming: Freeze (safe; 3% risk of failure)
Press: ? - help, Shift-Dir - straight line, f - jackal
Aim: a jackal You freeze the jackal.
You kill the jackal!
Unknown command.
Casting: Freeze (safe; 3% risk of failure)
Confirm with . or Enter, or press ? or * to list all spells.
Aiming: Freeze (safe; 3% risk of failure)
Press: ? - help, Shift-Dir - straight line, f - jackal
Aim: a jackal You freeze the jackal.
The jackal is lightly wounded.
The jackal bites you.
* * * LOW HITPOINT WARNING * * *
You scratch the jackal but do no damage.
The jackal is lightly wounded.
The jackal bites you.
You die...

#### ..# ##.## ##...##
####.....########
#hh@............####
#h##.....######.....
.l. ##...## #........
∩..######.## #.##.####
............#####.##.#
##..##..#.........##.#
#. # ###.##.#####.# ..
.[......##.# #.#
.##.######.# #.###


You could see 3 jackals and a frilled lizard.

Vanquished Creatures
  2 dart slugs (D:1)
  An endoplasm (D:1)
  A jackal (D:1)
  A kobold (D:1)
  3 quokkas (D:1)
  A bat (D:1)
  2 rats (D:1)
11 creatures vanquished.

Notes
Turn   | Place    | Note
-------+----------+-------------------------------------------
     0 | D:1      | tilp the Felid Ice Elementalist began the quest for the
                  | Orb.
     0 | D:1      | Reached XP level 1. HP: 7/7 MP: 4/4
    79 | D:1      | Found Famo's General Store.
    80 | D:1      | Found Wuunah's Book Shoppe.
   240 | D:1      | Reached XP level 2. HP: 9/11 MP: 4/6
   244 | D:1      | Reached skill level 4 in Ice Magic
   533 | D:1      | Found Kysunt's Armour Boutique.
   542 | D:1      | Slain by a jackal

Illustrated notes

Levels and vault maps discovered:
D:1:      minmay_arrival_checkered_box, layout_loops_ring, serial_shops, shop,
          nicolae_shop_stone, nicolae_shop_crystal, shop, minivault_24,
          minmay_3d_cube

Skill      XL: |  1  2 |
---------------+-------+-----
Ice Magic      | 4 |  4.0
Dodging        | |  2.6
Stealth        | |  2.6
Spellcasting   | |  2.3

Action                   || total
-------------------------++-------
Melee: Unarmed           ||     7
 Cast: Freeze            ||    14
 Stab: Sleeping          ||     1
Dodge: Dodged            ||    12

Table legend: (Time is in decaauts)
 A = Elapsed time spent in this place.
 B = Non-inter-level travel time spent in this place.
 C = Inter-level travel time spent in this place.
 D = Time resting spent in this place.
 E = Time spent auto-exploring this place.
 F = Levels seen in this place.
 G = Mean time per level.
                   A        B        C        D        E       F      G
               +--------+--------+--------+--------+--------+-----+--------+
         Total |    495 |    495 |      0 |      0 |    437 |   1 |  495.0 |
       Dungeon |    495 |    495 |      0 |      0 |    437 |   1 |  495.0 |
               +--------+--------+--------+--------+--------+-----+--------+

Top non-repeatable levels by time:
     D:1: 495 daAuts
